 Dungeon Crawl Stone Soup version 0.24-a0-499-g1074bba3cf (webtiles) character file.

Game seed: 15604350514637720443

219 kuniqs the Conjurer (level 5, -1/35 HPs)
             Began as a Demonspawn Conjurer on July 14, 2019.
             Was an Initiate of Ru.
             Slain by a centaur zombie (4 damage)
             ... on level 6 of the Dungeon.
             The game lasted 00:07:01 (2778 turns).

kuniqs the Conjurer (Demonspawn Conjurer)           Turns: 2778, Time: 00:07:02

Health: -1/35      AC:  3    Str:  8    XL:     5   Next: 64%
Magic:  0/8        EV: 12    Int: 18    God:    Ru [......]
Gold:   39         SH:  0    Dex: 13    Spells: 2/8 levels left

rFire    . . .     SeeInvis .   (no weapon)
rCold    . . .     Gourm    .   (no shield)
rNeg     . . .     Faith    .   a - +0 robe
rPois    +         Spirit   .   (no helmet)
rElec    .         Reflect  .   (no cloak)
rCorr    .         Harm     .   (no gloves)
MR       .....                  m - +0 pair of boots
Stlth    ++........             (no amulet)
HPRegen  0.11/turn              j - ring of poison resistance
MPRegen  0.11/turn              (no ring)

@: no status effects
A: talons 1, spiny 1
a: Renounce Religion


You were on level 6 of the Dungeon.
You worshipped Ru.
Ru was noncommittal.
You were hungry.

You visited 1 branch of the dungeon, and saw 5 of its levels.

You collected 39 gold pieces.

Inventory:

Armour
 a - a +0 robe (worn)
 b - a +0 cloak
 m - a +0 pair of boots (worn)
Jewellery
 j - a ring of poison resistance (left hand)
Scrolls
 f - 3 scrolls of teleportation
 g - a scroll of fear
 h - a scroll of magic mapping
 l - a scroll of random uselessness {unknown}
 n - a scroll of fog {unknown}
Potions
 d - 2 potions of haste {unknown}
 e - a potion of magic {unknown}
 i - 2 potions of heal wounds {unknown}
 k - 3 potions of degeneration {unknown}
 o - 3 potions of flight {unknown}
 p - a potion of ambrosia {unknown}
 q - a potion of agility {unknown}
Comestibles
 c - 8 rations


   Skills:
 - Level 1.7 Dodging
 - Level 1.7 Stealth
 - Level 2.3 Spellcasting
 + Level 6.8 Conjurations


You had 2 spell levels left.
You knew the following spells:

 Your Spells              Type           Power        Failure   Level  Hunger
a - Magic Dart            Conj           ####         1%          1    #......
b - Searing Ray           Conj           ####..       1%          2    ##.....
c - Dazzling Spray        Conj/Hex       ##....       13%         3    ###....

Your spell library contained the following spells:

 Spells                   Type           Power        Failure   Level  Hunger
 Iskenderun's Mystic Bla  Conj           ####....     11%         4    #####..
 Force Lance              Conj/Tloc      ##......     38%         4    #####..
 Fulminant Prism          Conj/Hex       ##........   38%         4    #####..


Dungeon Overview and Level Annotations

Branches:
Dungeon (6/15)
 Temple: D:4-7

Altars:
Ru
The Shining One

Shops:
D:5 =


Innate Abilities, Weirdness & Mutations

You have sharp toenails.
You are partially covered in sharp spines.


Message History

Tha hound barely misses ye.
Ye hit tha hound but do nay damage.
Tha hound be struck by yer spines.
Ye kill tha hound!
Ye see 'ere a hound corpse.
Ye see 'ere a worker ant corpse.
Aim: a centaur zombie Tha searin' ray hits tha centaur zombie. (Press . ta maintain tha ray.) Tha centaur zombie hits ye.
Tha searin' ray hits tha centaur zombie.
Tha centaur zombie be struck by yer spines.
Tha centaur zombie hits ye.
* * * LOW HITPOINT WARNIN'
* * * Tha searin' ray hits tha centaur zombie!
Tha centaur zombie be struck by yer spines.
Tha centaur zombie hits ye!
* * * LOW HITPOINT WARNIN'
* * * Tha centaur zombie be struck by yer spines.
Tha centaur zombie hits ye.
Ye die...

...#### . ##...... .) .
####...... ... ..####
##†....######.... #.....#
###.†....##.<......
.......##...†##.Z.#......##
............###.#.#.....##
.........†####..#.......#
..........@Z#..###......#
..............## ##.....#
.>...........## ##......
............##.....+#...#..
######.....##...... #...#.
#...### ..._.. ##.. ###..
...... .. ### #..... ##...#


You could see a centaur zombie.

Vanquished Creatures
  A bullfrog (D:6)
  A bullfrog zombie (D:5)
  A hound (D:6)
  A worker ant (D:6)
  An adder (D:3)
  5 worms
  4 leopard geckos
  A giant cockroach (D:6)
  3 goblins
  7 hobgoblins
  4 jackals (D:6)
  5 kobolds
  A quokka (D:2)
  3 bats
  5 frilled lizards
  5 rats
48 creatures vanquished.

Notes
Turn   | Place    | Note
-------+----------+-------------------------------------------
     0 | D:1      | kuniqs the Demonspawn Conjurer began the quest for the Orb.
     0 | D:1      | Reached XP level 1. HP: 13/13 MP: 3/3
   428 | D:1      | Gained mutation: You are partially covered in sharp spines.
                  | [demonic ancestry]
   428 | D:1      | Reached XP level 2. HP: 19/19 MP: 3/5
   432 | D:1      | Learned a level 2 spell: Searing Ray
  1384 | D:2      | Reached XP level 3. HP: 24/24 MP: 2/6
  1617 | D:2      | Learned a level 3 spell: Dazzling Spray
  1804 | D:2      | Found a sacrificial altar of Ru.
  1812 | D:2      | Became a worshipper of Ru the Awakened
  2018 | D:3      | Reached skill level 5 in Conjurations
  2318 | D:3      | You fall into a shaft and drop 3 floors!
  2318 | D:6      | Found a glowing golden altar of the Shining One.
  2396 | D:5      | Entered Level 5 of the Dungeon
  2402 | D:5      | Reached XP level 4. HP: 28/30 MP: 0/7
  2521 | D:5      | Found Asood's Jewellery Emporium.
  2523 | D:5      | Noticed a phantom
  2633 | D:5      | Noticed an ogre
  2674 | D:6      | Reached skill level 6 in Conjurations
  2748 | D:6      | Noticed a bullfrog
  2756 | D:6      | Killed a bullfrog
  2756 | D:6      | Gained mutation: You have sharp toenails. [demonic
                  | ancestry]
  2756 | D:6      | Reached XP level 5. HP: 25/35 MP: 2/8
  2778 | D:6      | Slain by a centaur zombie

Levels and vault maps discovered:
D:1:      dpeg_arrival_three_same_balls, layout_loops_ring
D:2:      layout_rooms, nicolae_ru_sacrificial_ziggurat, first_ration
D:3:      layout_basic
D:5:      layout_cave_pools, kennysheep_little_box, lemuel_doored_altar,
          serial_shops, nicolae_shop_crystal, chequers_jeans, grunt_ministairs_5
D:6:      layout_rooms, tso_metal_star, uniq_sigmund, uniq_crazy_yiuf_cottage

Skill      XL: |  1  2  3  4 |
---------------+-------------+-----
Conjurations   | 5 6 |  6.8
Dodging        | |  1.7
Stealth        | |  1.7
Spellcasting   | |  2.3

Action                   |  1- 3 |  4- 6 || total
-------------------------+-------+-------++-------
Melee: Unarmed           |       |    11 ||    11
 Cast: Magic Dart        |    71 |     1 ||    72
       Searing Ray       |    15 |     7 ||    22
  Use: Scroll            |     3 |       ||     3
  Eat: Chunk             |     6 |     1 ||     7
Armor: Robe              |     2 |    11 ||    13
Dodge: Dodged            |     8 |    17 ||    25

Table legend:
 A = Non-vault XP
 B = Vault XP
 C = Vault XP percentage of total XP
 D = Non-vault monster count
 E = Vault monster count
 F = Vault count percentage of total count
                 A         B        C        D         E       F
            +---------+---------+-------+---------+---------+-------
      Total |     314 |       0 |   0.0 |      48 |       0 |   0.0
            +---------+---------+-------+---------+---------+-------
        D:1 |      15 |       0 |   0.0 |       9 |       0 |   0.0
        D:2 |      42 |       0 |   0.0 |      19 |       0 |   0.0
        D:3 |      32 |       0 |   0.0 |       9 |       0 |   0.0
        D:5 |      51 |       0 |   0.0 |       3 |       0 |   0.0
        D:6 |     174 |       0 |   0.0 |       8 |       0 |   0.0
            +---------+---------+-------+---------+---------+-------
